 Dungeon Crawl Stone Soup version 0.23.2-1-ga50397a (webtiles) character file.

Game seed: 776577251531531676

91 diana the Slasher (level 4, 0/34 HPs)
             Began as a Demonspawn Gladiator on May 6, 2019.
             Killed from afar by Sigmund (7 damage)
             ... with a magic dart
             ... on level 3 of the Dungeon.
             The game lasted 00:03:06 (1663 turns).

diana the Slasher (Demonspawn Gladiator)            Turns: 1663, Time: 00:03:07

Health: 0/34       AC:  5    Str: 15    XL:     4   Next: 33%
Magic:  0/4        EV: 13    Int: 10    God:
Gold:   89         SH:  0    Dex: 16    Spells: 3/3 levels left

rFire    . . .     SeeInvis .   a - +0 long sword
rCold    . . .     Gourm    .   (no shield)
rNeg     . . .     Faith    .   b - +0 leather armour
rPois    .         Spirit   +   c - +0 helmet
rElec    .         Reflect  .   (no cloak)
rCorr    .         Harm     .   p - +0 pair of gloves
MR       .....                  (no boots)
Stlth    +.........             (no amulet)
HPRegen  0.11/turn              (no ring)
MPRegen  0.09/turn              (no ring)

@: confused
A: thin skeletal structure 1, demonic guardian 1, magic shield
a: no special abilities


You were on level 3 of the Dungeon.
You were very hungry.

You visited 1 branch of the dungeon, and saw 3 of its levels.

You collected 89 gold pieces.

Inventory:

Hand Weapons
 a - a +0 long sword (weapon)
Missiles
 d - 4 throwing nets (quivered)
Armour
 b - a +0 leather armour (worn)
 c - a +0 helmet (worn)
 p - a +0 pair of gloves (worn)
Jewellery
 g - a cursed +3 ring of evasion {unknown}
 h - an uncursed ring of flight {unknown}
 n - an uncursed ring of protection from cold {unknown}
 o - an uncursed ring of protection from magic
Scrolls
 e - 2 scrolls of identify {unknown}
 j - a scroll of magic mapping {unknown}
 k - 2 scrolls of remove curse {unknown}
 m - a scroll of enchant weapon {unknown}
 q - a scroll of teleportation {unknown}
 s - a scroll of amnesia {unknown}
Potions
 i - a potion of agility
 l - a potion of haste {unknown}
 r - a potion of magic {unknown}
 t - a potion of mutation {unknown}
Comestibles
 f - 5 rations


   Skills:
 + Level 2.6 Fighting
 + Level 3.5 Long Blades
 + Level 1.8 Throwing
 + Level 1.0 Armour
 + Level 3.3 Dodging
 + Level 0.6 Stealth


You had 3 spell levels left.
You didn't know any spells.
Your spell library was empty.

Dungeon Overview and Level Annotations

Branches:
Dungeon (3/15)

Altars:
Okawaru

Annotations:
D:3 Sigmund


Innate Abilities, Weirdness & Mutations

You have a somewhat thin skeletal structure. (Dex +2, Stealth)
A weak demonic guardian rushes to your aid.
When hurt, damage is shared between your health and your magic reserves.


Message History

The magic dart hits you.
You are confused.
A magic dart appears from out of thin air!
The magic dart hits you.
A puff of flame appears from out of thin air!
The puff of flame hits you.
You're too confused to move!
A puff of flame appears from out of thin air!
The puff of flame hits you!
You bump into the rock wall.
You feel less confused.
You are confused.
A magic dart appears from out of thin air!
The magic dart hits you!
* * * LOW HITPOINT WARNING * * *
Unknown command.
You're too confused to move!
A magic dart appears from out of thin air!
The magic dart hits you!
You die...

#....<....#
#.###.###.#
#.# #.# #.#
##.###.#
#.#
...##.###.#
#..##..##.#
#{.###.##.#
#..# #.##.#
#..###.##@#
#.....†...#
##.....####
#######


There were no monsters in sight!

Vanquished Creatures
  A gnoll (D:2)
  An ooze (D:1)
  A worm (D:2)
  2 leopard geckos
  A giant cockroach (D:1)
  3 goblins
  7 hobgoblins
  2 kobolds (D:1)
  2 quokkas (D:2)
  2 ball pythons
  2 bats
  2 rats
26 creatures vanquished.

Vanquished Creatures (collateral kills)
  7 gnolls (D:2)
7 creatures vanquished.

Grand Total: 33 creatures vanquished

Notes
Turn   | Place    | Note
-------+----------+-------------------------------------------
     0 | D:1      | diana the Demonspawn Gladiator began the quest for the Orb.
     0 | D:1      | Reached XP level 1. HP: 16/16 MP: 1/1
   212 | D:1      | Gained mutation: You have a somewhat thin skeletal
                  | structure. (Dex +2, Stealth) [demonic ancestry]
   212 | D:1      | Reached XP level 2. HP: 22/22 MP: 2/2
   676 | D:2      | Found an iron altar of Okawaru.
   886 | D:2      | Gained mutation: A weak demonic guardian rushes to your
                  | aid. [demonic ancestry]
   886 | D:2      | Reached XP level 3. HP: 26/28 MP: 3/3
  1019 | D:2      | Gained mutation: When hurt, damage is shared between your
                  | health and your magic reserves. [demonic ancestry]
  1019 | D:2      | Reached XP level 4. HP: 20/34 MP: 4/4
  1022 | D:2      | Reached skill level 1 in Armour
  1529 | D:3      | Noticed Sigmund
  1663 | D:3      | Killed from afar by Sigmund

Skill      XL: |  1  2  3  4 |
---------------+-------------+-----
Dodging        | 3 |  3.3
Long Blades    | 3 |  3.5
Armour         | 1 |  1.0
Fighting       | |  2.6
Throwing       | |  1.8
Stealth        | |  0.6

Action                   |  1- 3 |  4- 6 || total
-------------------------+-------+-------++-------
Melee: Long sword        |    63 |    12 ||    75
 Stab: Sleeping          |     3 |       ||     3
       Distracted        |     1 |       ||     1
  Eat: Chunk             |       |     1 ||     1
Armor: Leather armour    |    12 |     2 ||    14
Dodge: Dodged            |    56 |     9 ||    65
       Rpst.: Long sword |    19 |     2 ||    21
